 Dungeon Crawl Stone Soup version 0.25.1-8-g42b30a86e7 (webtiles) character file.

Game seed: 14616587741839512550

275 hawla the Conjurer (level 6, -3/45 HPs)
             Began as a Draconian Conjurer on Dec 11, 2020.
             Was an Initiate of Vehumet.
             Killed by divine providence
             ... invoked by an orc priest
              (12 damage)
             ... on level 4 of the Dungeon.
             The game lasted 00:10:47 (5503 turns).

hawla the Conjurer (Draconian Conjurer)             Turns: 5503, Time: 00:10:47

Health: -3/45      AC:  6    Str: 11    XL:     6   Next: 3%
Magic:  11/12      EV: 12    Int: 17    God:    Vehumet [......]
Gold:   204        SH:  0    Dex:  8    Spells: 6/13 levels left

rFire    . . .     SeeInvis .   q - +7 whip of Wounding {holy, rN+ MR+ Dex-3}
rCold    . . .     Gourm    .   (no shield)
rNeg     + . .     Faith    .   (armour unavailable)
rPois    .         Spirit   .   (helmet restricted)
rElec    .         Reflect  .   (no cloak)
rCorr    +         Harm     .   (no gloves)
MR       +....                  (no boots)
Stlth    +.........             c - amulet of the acrobat
HPRegen  0.15/turn              i - ring of resist corrosion
MPRegen  0.13/turn              (no ring)

@: confused
A: unfitting armour, cold-blooded, AC +6
a: Renounce Religion


You were on level 4 of the Dungeon.
You worshipped Vehumet.
Vehumet was noncommittal.
You were not hungry.

You visited 1 branch of the dungeon, and saw 4 of its levels.

You collected 204 gold pieces.

Inventory:

Hand Weapons
 q - the +7 whip of Wounding (weapon) {holy, rN+ MR+ Dex-3}
   (You found it on level 4 of the Dungeon)

   It has been blessed by the Shining One to cause great damage to the undead
   and demons.
   It affects your dexterity (-3).
   It protects you from negative energy.
   It affects your resistance to hostile enchantments.
Jewellery
 c - an amulet of the acrobat (around neck)
 d - a +6 ring of intelligence
 i - a ring of resist corrosion (left hand)
 n - a cursed ring of attention {unknown}
Wands
 o - a wand of flame (15)
 p - a wand of digging (5)
 r - a wand of paralysis (8)
Scrolls
 e - 3 scrolls of enchant armour
 j - a scroll of remove curse
 k - 2 scrolls of enchant weapon
 m - 4 scrolls of identify
Potions
 a - 2 potions of brilliance
 f - 2 potions of resistance
 h - 2 potions of might
Comestibles
 b - 7 rations
 l - 9 chunks of flesh


   Skills:
 - Level 1.7 Dodging
 - Level 1.7 Stealth
 - Level 4.1 Spellcasting
 + Level 4.7 Conjurations
 + Level 3.5 Translocations


You had 6 spell levels left.
You knew the following spells:

 Your Spells              Type           Power        Failure   Level  Hunger
a - Magic Dart            Conj           ###.         2%          1    None
b - Searing Ray           Conj           ###...       3%          2    ##.....
c - Iskenderun's Mystic   Conj/Tloc      ###.....     28%         4    ####...

Your spell library contained the following spells:

 Spells                   Type           Power        Failure   Level  Hunger
 Dazzling Flash           Conj/Hex       ##....       19%         3    ###....
 Fulminant Prism          Conj/Hex       ##........   52%         4    ####...


Dungeon Overview and Level Annotations

Branches:
Dungeon (4/15)
 Temple: D:4-7

Altars:
Fedhas
Vehumet

Annotations:
D:4 1 runed translucent door, radhat240's ghost, amateur DrFi


Innate Abilities, Weirdness & Mutations

Your plain brown scales are hard. (AC +6)
You cannot fit into any form of body armour.
You are cold-blooded and may be slowed by cold attacks.


Message History

Beogh smites you!
There is an open door here.
The orc priest begins to cast a cantrip, but forgets the words!
Casting: Searing Ray (safe; 3% risk of failure)
Confirm with . or Enter, or press ? or * to list all spells.
Aiming: Searing Ray (safe; 3% risk of failure)
Press: ? - help, Shift-Dir - straight line, f - orc priest, p - orc
Aim: an orc priest, wielding a +0 mace and wearing a +0 ring mail The searing ray misses the orc.
The searing ray hits the orc priest.
The orc priest is lightly wounded. (Press . to maintain the ray.)
The orc priest mumbles some strange prayers to Beogh against you.
Beogh smites you!
* * * LOW HITPOINT WARNING * * *
The orc completely misses you.
You are confused.
You feel invigorated.
The orc priest mumbles some strange prayers to Beogh against you.
Beogh smites you!
You die...

## #. #.
#########################.
#.....................(...
#.#######################.
#.#,,,,,#@o.............#.
#.#.#####'#...#########.##
#.#......o.....# #.##
#.#####.o......# #... #.#
#........# #### #.#
#.#o#.#'############ #.#
#.#.#.#.#.รท...)>.).. #.#
**#.#.#.#.#)#########. #.#
*,....#.#.#.#.........


You could see 2 orc priests and 2 orcs.

Vanquished Creatures
  A scorpion (D:4)
  An orc priest (D:3)
  Ijyb (D:3)
  Robin (D:4)
  4 adders
  An ooze (D:2)
  An adder skeleton (D:4)
  5 worms
  2 dart slugs (D:2)
  3 leopard geckos
  4 orcs
  5 giant cockroaches
  12 goblins
  10 hobgoblins
  4 jackals (D:3)
  3 quokkas (D:3)
  A ball python (D:3)
  10 bats
  3 frilled lizards
  8 kobolds
  7 rats
87 creatures vanquished.

Notes
Turn   | Place    | Note
-------+----------+-------------------------------------------
     0 | D:1      | hawla the Draconian Conjurer began the quest for the Orb.
     0 | D:1      | Reached XP level 1. HP: 14/14 MP: 3/3
   274 | D:1      | Reached XP level 2. HP: 20/20 MP: 1/5
   278 | D:1      | Learned a level 2 spell: Searing Ray
  1854 | D:2      | Reached XP level 3. HP: 26/26 MP: 1/7
  2079 | D:2      | Found a blossoming altar of Fedhas.
  2834 | D:2      | Reached XP level 4. HP: 33/33 MP: 5/10
  2904 | D:2      | Learned a level 4 spell: Iskenderun's Mystic Blast
  3229 | D:3      | Reached skill level 1 in Translocations
  3480 | D:3      | Noticed Ijyb
  3492 | D:3      | Killed Ijyb
  3492 | D:3      | Reached XP level 5. HP: 38/38 MP: 2/11
  4669 | D:4      | Found a radiant altar of Vehumet.
  4689 | D:4      | Became a worshipper of Vehumet
  4693 | D:4      | Noticed an ogre
  4697 | D:4      | Noticed Robin
  4697 | D:4      | Noticed an ogre
  4699 | D:4      | Got a slimy whip
  4764 | D:4      | Killed Robin
  5196 | D:4      | Reached XP level 6. HP: 45/45 MP: 7/12
  5255 | D:4      | Found a runed translucent door.
  5259 | D:4      | Noticed radhat240's ghost (amateur DrFi)
  5280 | D:4      | Identified the +7 whip of Wounding {holy, rN+ MR+ Dex-3}
                  | (You found it on level 4 of the Dungeon)
  5503 | D:4      | Killed from afar by an orc priest

Illustrated notes

Levels and vault maps discovered:
D:1:      dpeg_arrival_boxes_within_box, layout_basic, serial_co_window_serial,
          co_window_paths_b, co_window_corner_a, co_window_cross_1,
          co_window_paths_a, co_window_corner_a, co_window_paths_a,
          co_window_of_opportunity_a, co_window_corner_a, co_window_paths_a,
          co_window_broadway_c, co_window_2corner, co_window_cross_2,
          co_window_paths_e, glass_columns_b, glass_columns_b,
          minmay_tiny_reverse_x
D:2:      layout_basic, lemuel_round_altar
D:3:      layout_basic, grunt_ministairs_9, uniq_ijyb
D:4:      layout_basic, vehumet_altar_wand_db, ebering_ghost_sewer_d,
          first_ration, nemelex_diamond_rough_becter, uniq_robin

Skill      XL: |  1  2  3  4  5 |
---------------+----------------+-----
Spellcasting   | 3 4 |  4.1
Translocations | 2 3 |  3.5
Dodging        | |  1.7
Stealth        | |  1.7
Conjurations   | |  4.7

Action                   |  1- 3 |  4- 6 || total
-------------------------+-------+-------++-------
Melee: Unarmed           |     2 |     7 ||     9
       Tailslap          |     1 |     1 ||     2
 Cast: Magic Dart        |    53 |    48 ||   101
       Searing Ray       |    17 |    28 ||    45
       Iskenderun's Myst |       |     2 ||     2
  Use: Scroll            |     5 |     6 ||    11
       Potion            |       |     1 ||     1
  Eat: Ration            |     1 |       ||     1
       Chunk             |     3 |    10 ||    13
Armor: Skin              |     2 |    11 ||    13
Dodge: Dodged            |    13 |    22 ||    35
